 Dungeon Crawl Stone Soup version 0.27-a0-1280-g9d2d252d84 (webtiles) character file.

Game seed: 13966116279046620167

15978 ubik the Brawler (level 12, 0/89 HPs)
             Began as a Ghoul Monk on June 13, 2021.
             Was a Priest of Ru.
             Slain by a death yak (4 damage)
             ... on level 10 of the Dungeon.
             The game lasted 01:51:53 (16132 turns).

ubik the Brawler (Ghoul Monk)                      Turns: 16132, Time: 01:51:53

Health: 0/89       AC: 19    Str: 26    XL:     12   Next: 32%
Magic:  11/11      EV:  7    Int: 13    God:    Ru [***...]
Gold:   577        SH:  9    Dex: 11    Spells: 11/11 levels left

rFire    + . .     SeeInvis +     - Unarmed
rCold    . . .     Faith    .   D - +0 kite shield
rNeg     + + +     Spirit   .   g - +0 storm dragon scales
rPois    ∞         Reflect  .   v - +1 helmet of the Accordion {rF+ rC- Int+8 SInv}
rElec    +         Harm     .   (no cloak)
rCorr    .         Rampage  .   (no gloves)
Will     .....                  F - +1 pair of boots
Stlth    ..........             (no amulet)
HPRegen  0.00/turn              p - ring of flight
MPRegen  0.12/turn              b - +6 ring of strength

@: unable to read, flying
A: claws 1, cold resistance 1, negative energy resistance 3, inhibited
regeneration, torment resistance 2, inability to read while threatened,
inability to use devices
a: Renounce Religion, Draw Out Power


You were on level 10 of the Dungeon.
You worshipped Ru.
Ru was most pleased with you.
You visited 2 branches of the dungeon, and saw 12 of its levels.

You collected 577 gold pieces.

Inventory:

Hand Weapons
 m - the +6 hand axe of the Postmodern Dreams {pain, rElec rPois rF-}
   (You found it on level 7 of the Dungeon)

   In the hands of one skilled in necromantic magic, it inflicts extra damage on
   living creatures.
   It makes you vulnerable to fire.
   It insulates you from electricity.
   It protects you from poison.
 t - a +3 hand axe of freezing
 y - a +2 war axe of flaming
 B - a +1 vampiric dagger
 K - a +0 hunting sling
 W - a +2 trident of freezing
 Y - a +6 rapier of electrocution
Missiles
 d - a throwing net
 i - 97 sling bullets
 j - 243 stones
 s - 63 poisoned darts
 Q - 12 boomerangs
 R - 2 curare-tipped darts
 Z - 8 javelins (quivered)
Armour
 a - a +2 buckler
 g - +0 storm dragon scales (worn)
 v - the +1 helmet of the Accordion (worn) {rF+ rC- Int+8 SInv}
   (You found it on level 4 of the Dungeon)

   It affects your intelligence (+8).
   It protects you from fire.
   It makes you vulnerable to cold.
   It lets you see invisible.
 w - a +1 ring mail of fire resistance
 D - a +0 kite shield (worn)
 E - +0 acid dragon scales
 F - a +1 pair of boots (worn)
 J - a +0 leather armour of positive energy
Magical Staves
 U - a staff of conjuration
Jewellery
 b - a +6 ring of strength (right claw)
 f - a ring of fire
 k - a +6 ring of intelligence
 p - a ring of flight (left claw)
 P - a ring of willpower
 S - a ring of protection from fire
 V - a ring of protection from cold
Scrolls
 l - 6 scrolls of teleportation
 u - a scroll of fog
 z - a scroll of identify
 C - 2 scrolls of silence
 H - a scroll of enchant weapon
 O - 3 scrolls of fear
Potions
 c - 2 potions of lignification
 e - 7 potions of curing
 h - a potion of resistance
 n - a potion of berserk rage {unknown}
 o - a potion of invisibility
 q - a potion of might {unknown}
 r - 2 potions of attraction {unknown}
 x - 5 potions of heal wounds
 A - 3 potions of magic {unknown}
 I - 2 potions of degeneration {unknown}
 M - 4 potions of mutation
 T - a potion of brilliance {unknown}
 X - 4 potions of ambrosia


   Skills:
 - Level 3.2 Fighting
 * Level 10.0 Armour
 - Level 2.6 Dodging
 - Level 2.1 Stealth
 + Level 2.7 Shields
 - Level 16.7 Unarmed Combat


You had 11 spell levels left.
You didn't know any spells.
Your spell library contained the following spells:

 Spells                   Type           Power      Damage    Failure   Level
 Animate Skeleton         Necr           0%         N/A       100%        1
 Corona                   Hex            0%         N/A       100%        1
 Magic Dart               Conj           0%         1d3       100%        1
 Pain                     Necr           0%         1d4       100%        1
 Blink                    Tloc           N/A        N/A       100%        2
 Call Imp                 Summ           0%         N/A       100%        2
 Slow                     Hex            0%         N/A       100%        2
 Conjure Flame            Conj/Fire      0%         6-21      100%        3
 Inner Flame              Hex/Fire       0%         N/A       100%        3
 Mephitic Cloud           Conj/Pois/Air  0%         N/A       100%        3
 Portal Projectile        Hex/Tloc       0%         N/A       100%        3
 Vampiric Draining        Necr           0%         2d6       100%        3
 Animate Dead             Necr           0%         N/A       100%        4
 Cause Fear               Hex            0%         N/A       100%        4
 Leda's Liquefaction      Hex/Erth       0%         N/A       100%        4
 Agony                    Necr           0%         N/A       100%        5
 Summon Forest            Summ/Tloc      0%         N/A       100%        5
 Summon Mana Viper        Hex/Summ       0%         N/A       100%        5
 Shadow Creatures         Summ           N/A        N/A       100%        6
 Summon Hydra             Summ           0%         N/A       100%        7


Dungeon Overview and Level Annotations

Branches:
Dungeon (11/15)            Temple (1/1) D:4            Lair (0/6) D:11
    Orc: D:9-12

Altars:
Ashenzari
Cheibriados
Dithmenos
Elyvilon
Fedhas
Gozag
Hepliaklqana
Kikubaaqudgha
Makhleb
Nemelex Xobeh
Okawaru
Qazlal
Ru
Sif Muna
Trog
Uskayaw
Vehumet
Wu Jian
Xom
Yredelemnul
Zin
The Shining One

Annotations:
D:7 2 transporters, Polar's ghost, novice GnFi


Innate Abilities, Weirdness & Mutations

You thrive by killing the living.
You are immune to poison.
You have sharp fingernails.
Your flesh is cold resistant. (rC+)
You are immune to negative energy. (rN+++)
You do not regenerate when monsters are visible.
You are immune to unholy pain and torment.
You sometimes lose the ability to read scrolls when taking damage.
You cannot study or use magical devices.


Message History

You scratch the death yak.
The death yak is almost dead.
The death yak gores you!
You scratch the death yak.
The death yak is almost dead.
The death yak gores you but does no damage.
You scratch the death yak.
The death yak is almost dead.
The death yak gores you.
You claw the death yak!
You kill the death yak!
You feel better.
Your Armour skill increases to level 10!
You start resting.
HP restored.
There is a stone staircase leading down here.
You can't go up here!
You fly downwards.
The death yak gores you!!
There is a stone staircase leading up here.
You completely miss the death yak.
The death yak is stunned by your conviction and fails to attack.
Your shield and storm dragon scales prevent you from hitting the death yak.
The death yak gores you!
You feel threatened and lose the ability to read scrolls!
You scratch the death yak.
The death yak is lightly wounded.
The death yak gores you!
You barely miss the death yak.
The death yak is lightly wounded.
The death yak gores you!
Your shield prevents you from hitting the death yak.
The death yak is lightly wounded.
The death yak gores you!
* * * LOW HITPOINT WARNING * * *
You claw the death yak!
The death yak is lightly wounded.
The death yak gores you!
* * * LOW HITPOINT WARNING * * *
The death yak gores you.
You die...

######## #......########
#..Y...#......# #...@..#......#
#.............####
#######............Y'..#
#######...................##.#
..........................##Y#
..................<.......##.#
.......................>..##.####
..........................##...Y.
#####.###########################


You could see a death yak.

Vanquished Creatures
  Erolcha (D:9)
  3 two-headed ogres
  2 death yaks
  Maurice (D:9)
  Maggie (D:6)
  2 tengu conjurers (D:10)
  Grinder (D:6)
  4 trolls
  2 meliai zombies
  6 spriggans (D:10)
  A shadow (D:9)
  22 yaks
  A wraith (D:10)
  A basilisk (D:11)
  2 fire bats (D:4)
  A wyvern (D:10)
  Eustachio (D:4)
  An acid dragon (D:8)
  2 water moccasins (D:8)
  3 orc warriors
  2 necrophages
  A hornet zombie (D:5)
  3 centaurs
  An ogre (D:5)
  3 kobold brigands
  A gnoll sergeant (D:10)
  3 scorpions
  4 bullfrogs
  3 water moccasin skeletons
  9 killer bees
  3 howler monkeys
  6 centaur zombies
  3 orc priests
  A gnoll shaman (D:6)
  2 hounds
  A centaur skeleton (D:5)
  Jessica (D:2)
  An iguana (D:5)
  12 orc wizards
  2 hound skeletons (D:3)
  A howler monkey zombie (D:9)
  9 gnolls
  6 adders
  2 shadow imps
  An adder skeleton (D:3)
  2 worms (D:3)
  2 dart slugs
  34 orcs
  3 bats (D:1)
  4 endoplasms (D:2)
  A giant cockroach (D:4)
  4 goblins
  6 hobgoblins
  3 jackals (D:1)
  3 quokkas
  8 ball pythons
  2 frilled lizards
  17 kobolds
  A quokka skeleton (D:3)
  4 rats
233 creatures vanquished.

Vanquished Creatures (others)
  An orc (D:11)
1 creature vanquished.

Grand Total: 234 creatures vanquished

Notes
Turn   | Place    | Note
-------+----------+-------------------------------------------
     0 | D:1      | ubik the Ghoul Monk began the quest for the Orb.
     0 | D:1      | Reached XP level 1. HP: 19/19 MP: 0/0
    91 | D:1      | Reached skill level 4 in Unarmed Combat
    91 | D:1      | Reached XP level 2. HP: 18/26 MP: 1/1
   839 | D:1      | Reached XP level 3. HP: 28/31 MP: 2/2
  1792 | D:2      | Noticed Jessica
  1806 | D:2      | Killed Jessica
  1807 | D:2      | Reached skill level 5 in Unarmed Combat
  1807 | D:2      | Reached XP level 4. HP: 28/38 MP: 3/3
  2801 | D:3      | Reached skill level 6 in Unarmed Combat
  2852 | D:3      | Reached XP level 5. HP: 45/45 MP: 4/4
  3377 | D:4      | Noticed Eustachio
  3467 | D:4      | Found a transporter.
  3683 | D:4      | Found a staircase to the Ecumenical Temple.
  3696 | Temple   | Entered the Ecumenical Temple
  3889 | Temple   | Became a worshipper of Ru the Awakened
  3947 | D:4      | Noticed a fire bat
  3947 | D:4      | Noticed a fire bat
  4079 | D:4      | Identified the +1 helmet of the Accordion {rF+ rC- Int+8
                  | SInv}
  4098 | D:4      | Found a transporter.
  4287 | D:5      | Entered Level 5 of the Dungeon
  4447 | D:5      | Reached skill level 7 in Unarmed Combat
  4554 | D:5      | Reached XP level 6. HP: 51/51 MP: 5/5
  4679 | D:5      | Reached skill level 8 in Unarmed Combat
  4891 | D:5      | Reached XP level 7. HP: 57/57 MP: 6/6
  5694 | D:6      | Reached skill level 9 in Unarmed Combat
  5813 | D:6      | Noticed Maggie
  5857 | D:6      | Killed Maggie
  5858 | D:6      | Reached skill level 10 in Unarmed Combat
  5858 | D:6      | Reached XP level 8. HP: 46/63 MP: 7/7
  6039 | D:6      | Noticed Grinder
  6214 | D:6      | Paralysed by Grinder for 7 turns
  6228 | D:6      | Killed Grinder
  6229 | D:6      | Reached skill level 11 in Unarmed Combat
  6824 | D:4      | Killed Eustachio
  6825 | D:4      | Reached skill level 12 in Unarmed Combat
  6884 | D:4      | Found a burning altar of Makhleb.
  6884 | D:4      | Noticed a blizzard demon
  7038 | D:4      | Reached XP level 9. HP: 36/70 MP: 8/8
  7393 | D:6      | Reached skill level 13 in Unarmed Combat
  7914 | D:7      | Identified the +6 hand axe of the Postmodern Dreams {pain,
                  | rElec rPois rF-}
  7924 | D:7      | Found a transporter.
  7929 | D:7      | Found a transporter.
  7940 | D:7      | Noticed Polar's ghost (novice GnFi)
  8843 | D:8      | Reached skill level 14 in Unarmed Combat
  8894 | D:8      | Noticed a two-headed ogre
  8927 | D:8      | Killed a two-headed ogre
  8928 | D:8      | Reached XP level 10. HP: 49/77 MP: 9/9
  9148 | D:8      | Reached skill level 15 in Unarmed Combat
 10276 | D:9      | Gained mutation: You sometimes lose the ability to read
                  | scrolls when taking damage. [Ru sacrifice]
 10276 | D:9      | Reached * piety under Ru
 10351 | D:9      | Reached skill level 16 in Unarmed Combat
 10459 | D:9      | Reached skill level 1 in Armour
 10660 | D:9      | Noticed Maurice
 10684 | D:9      | Noticed Erolcha
 10696 | D:9      | Killed Maurice
 10728 | D:9      | Killed Erolcha
 10729 | D:9      | Reached XP level 11. HP: 58/82 MP: 10/10
 11405 | D:9      | Identified a scroll of acquirement
 11405 | D:9      | Acquired a ring of flight
 11741 | D:10     | Entered Level 10 of the Dungeon
 13069 | D:10     | Reached skill level 5 in Armour
 13834 | D:10     | Noticed a two-headed ogre
 13846 | D:10     | Killed a two-headed ogre
 14288 | D:11     | Noticed a two-headed ogre
 14300 | D:11     | Killed a two-headed ogre
 14306 | D:11     | Noticed a death yak
 14306 | D:11     | Noticed a death yak
 14310 | D:11     | Noticed a death yak
 14315 | D:11     | Noticed a cyclops
 14681 | D:10     | Reached XP level 12. HP: 70/89 MP: 11/11
 14789 | D:10     | Reached skill level 1 in Shields
 14893 | D:11     | Gained mutation: You cannot study or use magical devices.
                  | [Ru sacrifice]
 14893 | D:11     | Reached ** piety under Ru
 14893 | D:11     | Reached *** piety under Ru
 15110 | D:11     | Found a staircase to the Lair.
 15141 | D:11     | Killed a death yak
 15916 | D:9      | Killed a death yak
 15917 | D:9      | Reached skill level 10 in Armour
 16131 | D:10     | HP: 4/89 [death yak (14)]
 16132 | D:10     | Slain by a death yak

Illustrated notes

Levels and vault maps discovered:
D:1:      dpeg_arrival_chambers_temple_mockup, layout_basic
D:2:      layout_loops_cross, minmay_door_square, uniq_jessica
D:3:      minmay_angry_zag, layout_basic, serial_undead, serial_undead_f,
          serial_undead_d, serial_undead_c, serial_undead_c, serial_undead_e,
          kennysheep_generic_room_4
D:4:      gammafunk_cloud_chamber, layout_rooms, makhleb_altar_promises_db,
          temple_pool_b, wad_floor_pattern_untrapped,
          chequers_serial_rivers_micro_e, uniq_eustachio
D:5:      layout_gridville
D:6:      layout_basic, amethyst_killhole, uniq_grinder, uniq_maggie
D:7:      layout_loops_ring, gammafunk_ghost_hive
D:8:      layout_basic, minmay_checkerbox
D:9:      layout_cave_pods, uniq_erolcha, uniq_maurice
D:10:     kb_forest_paths, layout_basic
D:11:     layout_basic, dpeg_lair_monsters, david_orc_3, gauntlet_entry_generic,
          uniq_josephine
Temple:   minmay_crystal_snake_temple

Skill      XL: |  1  2  3  4  5  6  7  8  9 10 11 12 |
---------------+-------------------------------------+-----
Unarmed Combat | 4 5 6 7 8 10 12 14 16 | 16.7
Armour         | 3 9 10 | 10.0
Shields        | 2 |  2.7
Fighting       | |  3.2
Dodging        | |  2.6
Stealth        | |  2.1

Action                   |  1- 3 |  4- 6 |  7- 9 | 10-12 || total
-------------------------+-------+-------+-------+-------++-------
Melee: Unarmed           |    62 |   142 |   180 |   410 ||   794
       Punch             |     1 |     3 |    10 |    21 ||    35
Throw: Stone             |     1 |     1 |     1 |       ||     3
       Dart              |       |       |    13 |       ||    13
       Javelin           |       |       |       |     7 ||     7
Invok: Sacrifice Words   |       |       |       |     1 ||     1
       Sacrifice Artific |       |       |       |     1 ||     1
  Use: Scroll            |       |     5 |     8 |    10 ||    23
       Potion            |       |       |     3 |     1 ||     4
 Stab: Sleeping          |     3 |     1 |       |     2 ||     6
       Distracted        |       |       |       |     1 ||     1
Armor: Robe              |     8 |     7 |       |       ||    15
       Leather armour    |       |     6 |     8 |       ||    14
       Acid dragon scale |       |       |    51 |    47 ||    98
       Storm dragon scal |       |       |       |   113 ||   113
Dodge: Dodged            |    48 |    69 |   107 |   164 ||   388
Block: Kite shield       |       |       |       |    26 ||    26

Table legend: (Time is in decaauts)
 A = Elapsed time spent in this place.
 B = Non-inter-level travel time spent in this place.
 C = Inter-level travel time spent in this place.
 D = Time resting spent in this place.
 E = Time spent auto-exploring this place.
 F = Levels seen in this place.
 G = Mean time per level.
                   A        B        C        D        E       F      G
               +--------+--------+--------+--------+--------+-----+--------+
         Total |  15989 |  15433 |    556 |   4013 |   5657 |  12 | 1332.4 |
       Dungeon |  15772 |  15239 |    533 |   4013 |   5488 |  11 | 1433.8 |
        Temple |    216 |    193 |     23 |      0 |    169 |   1 |  216.0 |
               +--------+--------+--------+--------+--------+-----+--------+

Top non-repeatable levels by time:
    D:10: 2909 daAuts
     D:9: 2228 daAuts
     D:8: 1563 daAuts
     D:1: 1479 daAuts
     D:6: 1402 daAuts
     D:5: 1371 daAuts
     D:4: 1226 daAuts
     D:3: 1130 daAuts
     D:7: 1004 daAuts
     D:2: 792 daAuts
    D:11: 664 daAuts
  Temple: 216 daAuts
